 Dungeon Sprint DCSS version 0.30-a0-371-gad7725a93e (webtiles) character file.

Game seed: 2897794811864744029

16700000 garrulousMonolith the Axe Maniac (level 27, -1/228 HPs)
             Began as a Djinni Warper on Nov 21, 2022.
             Was the Champion of Makhleb.
             Slain by a destroyer
             ... wielding a +9 vorpal great sword
              (16 damage)
             ... in the Dungeon (Sprint VIII: "Arena of Blood").
             The game lasted 00:08:20 (167 turns).

garrulousMonolith the Axe Maniac (Djinni Warper)     Turns: 167, Time: 00:08:21

Health: -1/228     AC:  6    Str: 10    XL:     27
Gold:   0          EV: 36    Int: 17    God:    Makhleb [******] SH:  0 Dex: 25

rFire   + + .      SeeInvis +    i - +∞ Axe of Woe
rCold   x . .      Faith    .    (shield currently unavailable)
rNeg    . . .      Spirit   .    b - +0 leather armour
rPois   ∞          Reflect  .    (no helmet)
rElec   .          Harm     .    (no cloak)
rCorr   .          Rampage  .    (no gloves)
Will    ++...      NoTele   +    (boots unavailable)
Stlth   ++++++++++               (no amulet)
HPRegen 0.58/turn                j - ring of see invisible
MPRegen 0.00/turn                m - +200 ring of slaying

@: flying
A: sickness immunity, fire resistance 2, cold vulnerability 1, float, innate
caster, HP casting, extra vitality 1
a: Renounce Religion, Minor Destruction, Lesser Servant of Makhleb, Major
Destruction, Greater Servant of Makhleb


You were in the Dungeon.
You worshipped Makhleb.
Makhleb was exalted by your worship.
You visited 1 branch

Inventory:

Hand Weapons
 a - a +0 hand axe
 i - the +∞ Axe of Woe (weapon)
   (You found it in the Dungeon)
Missiles
 d - 7 boomerangs of dispersal (quivered)
Armour
 b - a +0 leather armour (worn)
Jewellery
 j - a ring of see invisible (left hand)
 k - a +30 ring of slaying
 l - a +30 ring of slaying
 m - a +200 ring of slaying (right hand)
 n - a +200 ring of slaying
Scrolls
 c - a scroll of blinking
Potions
 e - a potion of curing
 f - a potion of heal wounds
 g - a potion of haste
 h - a potion of berserk rage


   Skills:
 O Level 27 Fighting
 O Level 27 Short Blades
 O Level 27 Long Blades
 O Level 27 Axes
 O Level 27 Maces & Flails
 O Level 27 Polearms
 O Level 27 Staves
 O Level 27 Ranged Weapons
 O Level 27 Throwing
 O Level 27 Armour
 O Level 27 Dodging
 O Level 27 Stealth
 O Level 27 Shields
 O Level 27 Unarmed Combat
 O Level 27 Spellcasting
 O Level 27 Invocations
 O Level 27 Evocations


You couldn't memorise any spells.
You knew the following spells:

 Your Spells              Type           Power      Damage    Failure   Level
a - Blink                 Tloc           100%       N/A       0%          2
b - Lesser Beckoning      Tloc           100%       N/A       0%          3
c - Vhi's Electric Charg  Tloc/Air       100%       N/A       0%          3
d - Teleport Other        Tloc           86%        N/A       0%          3
e - Manifold Assault      Tloc           86%        N/A       0%          4
f - Beastly Appendage     Tmut           100%       N/A       0%          1
g - Momentum Strike       Conj/Tloc      100%       3d10      0%          2
h - Dazzling Flash        Conj/Hex       100%       N/A       0%          3
i - Inner Flame           Hex/Fire       86%        N/A       0%          3
j - Leda's Liquefaction   Hex/Erth       43%        N/A       0%          4
k - Freezing Cloud        Conj/Ice/Air   43%        6-21      0%          5
l - Dispersal             Tloc           43%        N/A       0%          6
m - Eringya's Noxious Bo  Tmut/Pois      43%        N/A       0%          6
n - Monstrous Menagerie   Summ           43%        N/A       1%          7
o - Orb of Destruction    Conj           43%        9d12      1%          7
p - Maxwell's Capacitive  Air            43%        ∞         1%          8
q - Dragon's Call         Summ           43%        N/A       2%          9
r - Polar Vortex          Ice            43%        N/A       2%          9
Your spell library was empty.

Dungeon Overview and Level Annotations

Branches:
Dungeon (1/1)

Altars:
Makhleb


Innate Abilities, Weirdness & Mutations

You are immune to sickness and miasma.
You are immune to poison.
Your flesh is very heat resistant. (rF++)
You are vulnerable to cold. (rC-)
You float through the air rather than walking.
You learn spells naturally, not from books.
Your magical power is your life essence.
You have superior vitality. (+4 MHP)


Message History

You destroy the accursed!
Makhleb accepts your kill.
You feel better.
You feel extremely nervous for a moment...
You are engulfed in negative energy!
You feel weakened.
You hear a shout! x3
An observer comes into view.
A wretched soul comes into view.
You hear a shout! x2
You feel your strength returning.
Casting: Manifold Assault (safe; 0% risk of failure)
Confirm with . or Enter, or press ? or * to list all spells.
Space momentarily warps into an impossible shape!
The observer turns its gaze towards you.
You open the bag of meat like a pillowcase!!!
You fatally mangle the bag of meat.
You kill the bag of meat!
Makhleb accepts your kill.
You feel better.
You slice the fleshlord like a ripe choko!!!!
You dissect the fleshlord like a pig carcass.
You kill the fleshlord!
Makhleb accepts your kill.
You slice the meat beast like a ripe choko!!!!
You chop the meat beast into pieces.
You kill the meat beast!
Makhleb accepts your kill.
You cut the dread into ribbons!!!!
You cleave the dread in twain.
You destroy the dread!
Makhleb accepts your kill.
You hear a shout! x2
The observer pulsates ominously.
The fleshlord casts a spell.
The fleshlord seems to speed up.
A destroyer comes into view. It is wielding a +9 vorpal great sword.
You hear a shout! x2
The destroyer hits you with a +9 vorpal great sword!!!!!
Ouch! That really hurt!
* * * LOW HITPOINT WARNING * * *
You die...

#################
#......)).).....###
........))..)...†..
..))##)##)#####†).
..V..).)V@.)).....
##.)...##)##).....
...)).)..))).)....
...)....)#p#..)...
..).)...).o).)...#
.....oz)).........
#......OG.O.......
.W.....§))..o...
.....D§○O§.oo...


You could see 2 destroyers, an observer (fast, invisible), a fleshlord (fast), a
sculptor of flesh, a large bag of meat (inner flame), a meat berserker
(berserk), a wretched soul (invisible) and 2 bags of meat.

Vanquished Creatures
  7 hell knights (D)
  Sigmund (D)
  8 hell beasts (D)
  3 royal mummies (D)
  6 great orbs of eyes (D)
  7 wraiths (D)
  12 vampire knights (D)
  38 ogres (D)
  5 two-headed ogres (D)
  4 liches (D)
  6 hydras (D)
  5 phantoms (D)
  70 orcs (D)
  4 skeletal warriors (D)
  7 sea snakes (D)
183 creatures vanquished.

Notes
Turn   | Place    | Note
-------+----------+-------------------------------------------
     0 | D        | Found the +∞ Axe of Woe
     0 | D        | garrulousMonolith the Djinni Warper began the quest for the
                  | Orb.
     0 | D        | garrulousMonolith set off with the following spells
                  | memorised: Blink, Lesser Beckoning, Vhi's Electric Charge,
                  | Teleport Other, Manifold Assault.
     0 | D        | Reached XP level 1. HP: 18/18 MP: 0/0
     3 | D        | Noticed a meat berserker
     4 | D        | Became a worshipper of Makhleb the Destroyer
     5 | D        | Noticed a meat berserker
     6 | D        | Noticed a bag of meat
     8 | D        | Noticed a bag of meat
     8 | D        | Noticed a bag of meat
     8 | D        | Noticed a bag of meat
     8 | D        | Noticed a bag of meat
     9 | D        | Killed a meat berserker
     9 | D        | Noticed a bag of meat
     9 | D        | Noticed a meat berserker
    10 | D        | Reached XP level 2. HP: 23/23 MP: 0/0
    10 | D        | Reached XP level 3. HP: 28/28 MP: 0/0
    10 | D        | Learned a level 1 spell: Beastly Appendage
    10 | D        | Reached XP level 4. HP: 33/33 MP: 0/0
    10 | D        | Reached XP level 5. HP: 38/38 MP: 0/0
    10 | D        | Learned a level 2 spell: Momentum Strike
    10 | D        | Reached XP level 6. HP: 43/43 MP: 0/0
    10 | D        | Reached XP level 7. HP: 49/49 MP: 0/0
    10 | D        | Learned a level 3 spell: Dazzling Flash
    10 | D        | Reached XP level 8. HP: 54/54 MP: 0/0
    10 | D        | Reached XP level 9. HP: 58/58 MP: 0/0
    10 | D        | Learned a level 3 spell: Inner Flame
    10 | D        | Reached XP level 10. HP: 64/64 MP: 0/0
    10 | D        | Reached XP level 11. HP: 68/68 MP: 0/0
    10 | D        | Learned a level 4 spell: Leda's Liquefaction
    10 | D        | Reached XP level 12. HP: 74/74 MP: 0/0
    10 | D        | Killed a meat berserker
    10 | D        | Reached * piety under Makhleb
    10 | D        | Killed a bag of meat
    10 | D        | Noticed a bag of meat
    11 | D        | Reached skill level 27 in Axes
    11 | D        | Reached skill level 15 in Fighting
    11 | D        | Reached XP level 13. HP: 107/107 MP: 0/0
    11 | D        | Learned a level 5 spell: Freezing Cloud
    11 | D        | Reached XP level 14. HP: 114/114 MP: 0/0
    11 | D        | Noticed a large bag of meat
    11 | D        | Noticed a meat berserker
    11 | D        | Noticed a bag of meat
    12 | D        | Noticed a bag of meat
    12 | D        | Noticed a bag of meat
    12 | D        | Noticed a bag of meat
    12 | D        | Noticed a bag of meat
    12 | D        | Noticed a bag of meat
    12 | D        | Noticed a bag of meat
    12 | D        | Noticed a bag of meat
    12 | D        | Noticed a bag of meat
    12 | D        | Noticed a bag of meat
    12 | D        | Noticed a bag of meat
    12 | D        | Noticed a bag of meat
    12 | D        | Noticed a bag of meat
    12 | D        | Noticed a bag of meat
    12 | D        | Noticed a bag of meat
    13 | D        | Noticed a meat berserker
    13 | D        | Killed a bag of meat
    13 | D        | Killed a bag of meat
    13 | D        | Reached ** piety under Makhleb
    14 | D        | Noticed a meat berserker
    14 | D        | Killed a bag of meat
    14 | D        | Noticed a bag of meat
    15 | D        | Reached XP level 15. HP: 139/139 MP: 0/0
    15 | D        | Learned a level 6 spell: Dispersal
    15 | D        | Noticed a meat berserker
    15 | D        | Noticed a meat berserker
    16 | D        | Killed a meat berserker
    16 | D        | Reached *** piety under Makhleb
    17 | D        | Reached skill level 27 in Fighting
    17 | D        | Killed a meat berserker
    17 | D        | Reached **** piety under Makhleb
    17 | D        | Noticed a meat berserker
    18 | D        | Reached XP level 16. HP: 154/154 MP: 0/0
    18 | D        | Killed a meat berserker
    18 | D        | Noticed a large bag of meat
    19 | D        | Reached skill level 27 in Dodging
    19 | D        | Reached XP level 17. HP: 160/160 MP: 0/0
    19 | D        | Learned a level 6 spell: Eringya's Noxious Bog
    19 | D        | Killed a meat berserker
    19 | D        | Reached ***** piety under Makhleb
    21 | D        | Reached XP level 18. HP: 167/167 MP: 0/0
    21 | D        | Noticed a large bag of meat
    22 | D        | Reached skill level 27 in Stealth
    22 | D        | Killed a meat berserker
    22 | D        | Noticed a meat berserker
    22 | D        | Noticed a destroyer
    23 | D        | Reached XP level 19. HP: 174/174 MP: 0/0
    23 | D        | Learned a level 7 spell: Monstrous Menagerie
    23 | D        | Reached ****** piety under Makhleb
    23 | D        | Killed a meat berserker
    23 | D        | Noticed a meat berserker
    23 | D        | Noticed a destroyer
    23 | D        | Noticed a large bag of meat
    24 | D        | Reached XP level 20. HP: 181/181 MP: 0/0
    24 | D        | Noticed a large bag of meat
    25 | D        | Reached skill level 27 in Spellcasting
    25 | D        | Reached skill level 10 in Armour
    25 | D        | Killed a large bag of meat
    25 | D        | Killed a meat berserker
    25 | D        | Noticed a meat berserker
    25 | D        | Noticed a meat berserker
    26 | D        | Reached XP level 21. HP: 170/187 MP: 0/0
    26 | D        | Learned a level 7 spell: Orb of Destruction
    26 | D        | Killed a large bag of meat
    27 | D        | Reached skill level 27 in Armour
    27 | D        | Killed a destroyer
    27 | D        | Noticed a large bag of meat
    29 | D        | Reached skill level 27 in Invocations
    29 | D        | Reached XP level 22. HP: 189/194 MP: 0/0
    35 | D        | Killed a large bag of meat
    35 | D        | Noticed a destroyer
    36 | D        | Killed a meat berserker
    36 | D        | Noticed a destroyer
    37 | D        | Noticed a meat berserker
    38 | D        | Killed a destroyer
    39 | D        | Reached skill level 27 in Evocations
    41 | D        | Reached skill level 5 in Short Blades
    41 | D        | Reached skill level 5 in Long Blades
    41 | D        | Reached skill level 5 in Staves
    41 | D        | Reached skill level 5 in Ranged Weapons
    41 | D        | Reached skill level 5 in Throwing
    41 | D        | Reached XP level 23. HP: 197/201 MP: 0/0
    41 | D        | Learned a level 8 spell: Maxwell's Capacitive Coupling
    43 | D        | Killed a destroyer
    44 | D        | Reached skill level 10 in Short Blades
    44 | D        | Reached skill level 10 in Long Blades
    44 | D        | Reached skill level 10 in Staves
    48 | D        | Reached skill level 10 in Ranged Weapons
    48 | D        | Reached skill level 10 in Throwing
    48 | D        | Noticed a destroyer
    51 | D        | Noticed a destroyer
    51 | D        | Noticed a destroyer
    53 | D        | Reached skill level 15 in Shields
    53 | D        | Reached XP level 24. HP: 208/208 MP: 0/0
    53 | D        | Killed a destroyer
    53 | D        | Noticed a tyrant
    54 | D        | Reached skill level 15 in Short Blades
    54 | D        | Reached skill level 15 in Long Blades
    54 | D        | Reached skill level 15 in Staves
    54 | D        | Noticed a large bag of meat
    55 | D        | Reached skill level 15 in Ranged Weapons
    55 | D        | Killed a destroyer
    55 | D        | Killed a destroyer
    56 | D        | Reached XP level 25. HP: 214/214 MP: 0/0
    56 | D        | Learned a level 9 spell: Dragon's Call
    57 | D        | Noticed an accursed
    59 | D        | Noticed The Captor
    59 | D        | Killed The Captor
    60 | D        | Reached XP level 26. HP: 221/221 MP: 0/0
    61 | D        | Reached XP level 27. HP: 228/228 MP: 0/0
    61 | D        | Learned a level 9 spell: Polar Vortex
    62 | D        | Noticed a meat beast
    63 | D        | Reached skill level 27 in Shields
    64 | D        | Killed a large bag of meat
    65 | D        | Reached skill level 27 in Unarmed Combat
    66 | D        | Reached skill level 27 in Short Blades
    66 | D        | Reached skill level 27 in Long Blades
    66 | D        | Reached skill level 27 in Staves
    66 | D        | Killed an accursed
    67 | D        | Reached skill level 27 in Ranged Weapons
    67 | D        | Reached skill level 27 in Throwing
    67 | D        | Reached skill level 10 in Maces & Flails
    67 | D        | Reached skill level 10 in Polearms
    67 | D        | Killed a meat beast
    68 | D        | Noticed a dread
    69 | D        | Noticed a meat beast
    70 | D        | Killed a dread
    71 | D        | Reached skill level 27 in Maces & Flails
    71 | D        | Reached skill level 27 in Polearms
    71 | D        | Killed a large bag of meat
    71 | D        | Killed a meat beast
    71 | D        | Killed a tyrant
    93 | D        | Noticed an accursed
    93 | D        | Killed an accursed
   106 | D        | Noticed a meat beast
   112 | D        | Noticed a dread
   113 | D        | Killed a dread
   118 | D        | Noticed a meat beast
   118 | D        | Noticed a tyrant
   119 | D        | Killed a meat beast
   119 | D        | Killed a tyrant
   124 | D        | Noticed a fleshlord
   125 | D        | Killed a fleshlord
   129 | D        | Noticed a fleshlord
   130 | D        | Killed a fleshlord
   130 | D        | Noticed a fleshlord
   130 | D        | Noticed a destroyer
   131 | D        | Killed a fleshlord
   131 | D        | Killed a destroyer
   132 | D        | Noticed a fleshlord
   132 | D        | Killed a fleshlord
   132 | D        | Noticed a meat beast
   133 | D        | Killed a meat beast
   136 | D        | Noticed a dread
   136 | D        | Noticed a fleshlord
   137 | D        | Killed a dread
   137 | D        | Killed a fleshlord
   137 | D        | Noticed a fleshlord
   138 | D        | Killed a fleshlord
   142 | D        | Noticed a destroyer
   143 | D        | Killed a destroyer
   143 | D        | Noticed a meat beast
   143 | D        | Noticed a destroyer
   144 | D        | Killed a destroyer
   145 | D        | Noticed a tyrant
   146 | D        | Killed a tyrant
   146 | D        | Noticed a destroyer
   147 | D        | Killed a meat beast
   147 | D        | Killed a destroyer
   147 | D        | Noticed a dread
   147 | D        | Noticed a tyrant
   148 | D        | Killed a tyrant
   148 | D        | Killed a dread
   150 | D        | Noticed a meat beast
   151 | D        | Killed a meat beast
   152 | D        | Noticed a destroyer
   153 | D        | Killed a destroyer
   160 | D        | Noticed a destroyer
   160 | D        | Killed a destroyer
   160 | D        | Noticed a dread
   161 | D        | Killed a dread
   161 | D        | Noticed a meat beast
   162 | D        | Killed a meat beast
   164 | D        | Noticed a dread
   164 | D        | Killed a dread
   165 | D        | Noticed a destroyer
   165 | D        | Noticed a fleshlord
   165 | D        | Noticed a dread
   165 | D        | Noticed a fleshlord
   165 | D        | Noticed a dread
   165 | D        | Noticed a meat beast
   165 | D        | Noticed an accursed
   165 | D        | Noticed a large bag of meat
   166 | D        | Killed an accursed
   167 | D        | Killed a fleshlord
   167 | D        | Killed a meat beast
   167 | D        | Killed a dread
   167 | D        | Noticed a destroyer
   167 | D        | Slain by a destroyer

Illustrated notes

Levels and vault maps discovered:
D:        meatsprint

Skill      XL: |  1  2  3  4  5  6  7  8  9 10 11 12 13 14 15 16 17 18 19 20 21 22 23 24 25 26 27 |
---------------+----------------------------------------------------------------------------------+-----
Axes           | 24 27 | 27.0
Fighting       | 15 23 27 | 27.0
Dodging        | 24 27 | 27.0
Stealth        | 16 24 27 | 27.0
Spellcasting   | 18 26 27 | 27.0
Armour         | 24 27 | 27.0
Invocations    | 27 | 27.0
Evocations     | 7 27 | 27.0
Short Blades   | 5 13 18 24 27 | 27.0
Long Blades    | 5 13 18 24 27 | 27.0
Staves         | 5 13 18 24 27 | 27.0
Ranged Weapons | 5 12 17 22 23 27 | 27.0
Throwing       | 5 12 17 22 27 | 27.0
Shields        | 6 15 20 26 27 | 27.0
Unarmed Combat | 6 14 19 26 27 | 27.0
Maces & Flails | 27 | 27.0
Polearms       | 27 | 27.0

Action                   |  1- 3 |  4- 6 |  7- 9 | 10-12 | 13-15 | 16-18 | 19-21 | 22-24 | 25-27 || total
-------------------------+-------+-------+-------+-------+-------+-------+-------+-------+-------++-------
Melee: Executioner's axe |     1 |       |       |     1 |     5 |     5 |     6 |    14 |   120 ||   152
 Cast: Maxwell's Capacit |       |       |       |       |       |       |       |     1 |       ||     1
       Manifold Assault  |       |       |       |       |       |       |       |       |    58 ||    58
       Vhi's Electric Ch |       |       |       |       |       |       |       |       |     1 ||     1
  Use: Scroll            |       |       |       |       |       |       |       |     1 |       ||     1
 Stab: Distracted        |       |       |       |       |       |       |       |     1 |       ||     1
Dodge: Dodged            |       |       |       |       |       |       |       |       |     1 ||     1

Table legend: (Time is in decaauts)
 A = Elapsed time spent in this place.
 B = Non-inter-level travel time spent in this place.
 C = Inter-level travel time spent in this place.
 D = Time resting spent in this place.
 E = Time spent auto-exploring this place.
 F = Levels seen in this place.
 G = Mean time per level.
                   A        B        C        D        E       F      G
               +--------+--------+--------+--------+--------+-----+--------+
         Total |    137 |    137 |      0 |     21 |      0 |   1 |  137.0 |
       Dungeon |    137 |    137 |      0 |     21 |      0 |   1 |  137.0 |
               +--------+--------+--------+--------+--------+-----+--------+

Top non-repeatable levels by time:
       D: 137 daAuts
